 Dungeon Crawl Stone Soup version 0.30-a0-165-g1891117ce2 (webtiles) character file.

Game seed: 2317529634963112462

36294 qw the Cleaver (level 13, -6/84 HPs)
             Began as a Gargoyle Fighter on Sept 28, 2022.
             Was a High Priest of Okawaru.
             Mangled by a sphinx (15 damage)
             ... summoned by Kirke
             ... on level 5 of the Lair of Beasts.
             The game lasted 00:05:13 (14734 turns).

qw the Cleaver (Gargoyle Fighter)                  Turns: 14734, Time: 00:05:13

Health: -6/84      AC:  0    Str: 25    XL:     13   Next: 89%
Magic:  16/20      EV: 17    Int:  9    God:    Okawaru [*****.]
Gold:   613        SH:  0    Dex:  9    Spells: 12/12 levels left

rFire   . . .      SeeInvis .      - Unarmed
rCold   . . .      Faith    .    (shield currently unavailable)
rNeg    + . .      Spirit   .    (body armour currently unavailable)
rPois   inf        Reflect  .    (helmet currently unavailable)
rElec   .          Harm     .    (cloak currently unavailable)
rCorr   .          Rampage  .    (gloves currently unavailable)
Will    .....                    (boots currently unavailable)
Stlth   +++.......               (no amulet)
HPRegen 0.24/turn                (ring currently unavailable)
MPRegen 0.17/turn                (ring currently unavailable)

@: about to teleport, pig-form, heroic, finesse-ful, very quick
A: fast, no casting, sickness immunity, AC +9, small, negative energy resistance
1, (electricity resistance), torment resistance 1, petrification resistance
a: Renounce Religion, Heroism, Finesse, Duel


You were on level 5 of the Lair of Beasts.
You worshipped Okawaru.
Okawaru was extremely pleased with you.
You were a filthy swine.
You visited 3 branches of the dungeon, and saw 15 of its levels.

You collected 1011 gold pieces.
You spent 398 gold pieces at shops.


Innate Abilities, Weirdness & Mutations

You are a filthy swine.
You move quickly.
Your equipment is almost entirely melded.
You are incapable of wielding weapons or throwing items.
You cannot cast spells.
You are immune to sickness and miasma.
((Your stone body is resilient. (AC +9)))
You are immune to poison.
You resist negative energy. (rN+)
((You are resistant to electric shocks. (rElec)))
You are resistant to unholy torment.
You are immune to petrification.


   Skills:
 - Level 11.0(16.0) Fighting
 + Level 14.2(19.2) Axes
 - Level 2.1(7.1) Throwing
 - Level 10.1(15.1) Armour
 - Level 5.0(10.0) Dodging
 - Level 7.0(12.0) Shields
 - Level 10.0 Invocations


You had 12 spell levels left.
You didn't know any spells.
Your spell library was empty.

Inventory:

Hand Weapons
 m - a +3 war axe of venom
 s - a +0 morningstar
 v - the +1 broad axe of Proximity (melded) {vorpal, rF- Dex+7}
   (Okawaru gifted it to you on level 5 of the Lair of Beasts)

   It inflicts extra damage upon your enemies.
   Dex:       It affects your dexterity (+7).
   rF:        It makes you vulnerable to fire.
Armour
 b - a scarf of repulsion
 c - a +0 buckler (melded)
 j - the +1 pearl dragon scales "Gueryena" (melded) {rN+ Will+}
   (Okawaru gifted it to you on level 2 of the Lair of Beasts)

   rN:        It protects you from negative energy.
   Will:      It increases your willpower.
 k - a +2 helmet (melded)
 n - a +2 pair of gloves (melded)
 o - a +0 pair of boots (melded)
 x - +0 fire dragon scales
Jewellery
 a - a ring of ice
 q - a ring of protection from cold (melded)
 t - a +6 ring of strength (melded)
 Y - a ring of willpower
Scrolls
 g - 13 scrolls of identify
 l - 2 scrolls of teleportation
 w - a scroll of blinking {unknown}
Potions
 d - 3 potions of might
 e - a potion of attraction
 f - 6 potions of haste
 h - 3 potions of heal wounds
 i - 4 potions of lignification
 p - 2 potions of mutation
 r - 8 potions of curing

Dungeon Overview and Level Annotations

Branches:
Dungeon (9/15)             Temple (1/1) D:7            Lair (5/5) D:9
 Shoals (0/4) Lair:2       Spider (0/4) Lair:2        Slime (0/5) Lair:4
    Orc (0/2) D:9

Altars:
Ashenzari
Cheibriados
Dithmenos
Elyvilon
Fedhas
Gozag
Hepliaklqana
Kikubaaqudgha
Makhleb
Nemelex Xobeh
Okawaru
Qazlal
Ru
Sif Muna
Trog
Uskayaw
Vehumet
Wu Jian
Xom
Yredelemnul
Zin
The Shining One
Jiyva

Shops:
D:9 :*(*

Annotations:
Lair:5 Kirke


Message History

The hornet is moderately wounded.
The hornet misses you. Kirke completely misses you.
You barely miss the hornet.
The hornet is moderately wounded.
You closely miss the hornet.
The hornet is moderately wounded.
The hornet misses you.
You hit the hornet.
The hornet is heavily wounded.
Kirke hits you!
A cane toad comes into view.
The hornet closely misses you.
The cane toad croaks.
You hit the hornet.
The hornet is severely wounded.
You hear a howl!
You closely miss the hornet.
The hornet is severely wounded.
The hornet stings you!
Kirke mumbles some strange words.
Kirke summons a sphinx!
You bite the hornet!
You kill the hornet!
Okawaru accepts your kill.
You hit Kirke.
Kirke is lightly wounded.
You bite Kirke!
Kirke is lightly wounded.
Kirke hits you!
A wolf comes into view.
You closely miss Kirke.
Kirke is lightly wounded.
You barely miss Kirke.
Kirke is lightly wounded.
Kirke hits you!
14734 ||| READING 3 scrolls of teleportation.
As you read the scroll of teleportation, it crumbles to dust.
You feel strangely unstable. The sphinx hits you!
You die...

.........
h....................
/h..................
...................
#............<.....
##F.................
##...................
##..%.@...........<...
#....hH...............
#.....#%...............
#....###................
...###..................
.###..P.................
#.........#.#)..#..%%.#
........#.#...###...%##
...............#......#
####....P.........###...#%


You could see Kirke, a sphinx (summoned), a cane toad and a wolf.

Vanquished Creatures
  A fire dragon (Lair:5)
  A catoblepas (Lair:5)
  5 death yaks (Lair:4)
  Sonja (Lair:5)
  A swamp dragon (Lair:5)
  13 elephants
  Joseph (Lair:1)
  4 black mambas
  16 cane toads
  6 komodo dragons
  4 rime drakes
  2 polar bears
  2 hornets (Lair:5)
  11 blink frogs
  14 wyverns
  Eustachio (D:5)
  25 yaks
  4 basilisks
  3 hogs (Lair:5)
  A steam dragon (Lair:5)
  A redback (Lair:5)
  3 acid dragons (Lair:5)
  15 water moccasins
  A sky beast (D:8)
  4 orc warriors (D:9)
  2 swamp drakes (Lair:5)
  A black bear (D:5)
  3 ice beasts
  3 ogres
  3 centaurs
  29 wolves
  A kobold brigand (D:9)
  A phantom (D:5)
  Blork the orc (D:6)
  9 bullfrogs
  A necrophage (D:5)
  6 scorpions
  8 wights
  4 howler monkeys
  A jelly (D:7)
  4 orc priests
  5 hounds
  10 orc wizards
  Natasha (twice) (D:4)
  3 iguanas
  6 hell rats (Lair:5)
  3 adders
  A shadow imp (D:5)
  4 white imps
  2 dart slugs
  32 orcs
  An endoplasm (D:4)
  3 giant cockroaches
  6 goblins
  5 hobgoblins
  4 quokkas
  6 ball pythons
  A bat (D:1)
  4 frilled lizards
  9 kobolds
  2 rats (D:1)
326 creatures vanquished.

Vanquished Creatures (others)
  A bush (Lair:4)
  32 fungi
  76 plants
109 creatures vanquished.

Grand Total: 435 creatures vanquished

Notes
Turn   | Place    | Note
-------+----------+-------------------------------------------
     0 | D:1      | qw the Gargoyle Fighter began the quest for the Orb.
     0 | D:1      | Reached XP level 1. HP: 14/14 MP: 1/1
     0 | D:1      | 0 ||| qw: Version: 0.2-a-12-gaebbb33
     0 | D:1      | 0 ||| qw: Game counter: 758
     0 | D:1      | 0 ||| qw: Always use a shield: true
     0 | D:1      | 0 ||| qw: God list: Okawaru
     0 | D:1      | 0 ||| qw: Allow faded altars: false
     0 | D:1      | 0 ||| qw: Do Orc after D:15 true
     0 | D:1      | 0 ||| qw: Do second Lair branch before Depths: true
     0 | D:1      | 0 ||| qw: Lair rune preference: random
     0 | D:1      | 0 ||| qw: Plans: Normal, Zot:1-4, God:TSO, Crypt, Tomb,
                  | Pan, Slime:5, Hells, Abyss, Orb
     0 | D:1      | 0 ||| PLANNING D:1-11
   182 | D:1      | Reached skill level 2 in Axes
   223 | D:1      | 223 ||| Stepping ~*~*~tactically~*~*~ (hiding).
   415 | D:1      | HP: 3/14 [hobgoblin (3)]
   418 | D:1      | Reached XP level 2. HP: 4/19 MP: 2/2
  1291 | D:1      | 1291 ||| UPGRADING to +1 helmet.
  1296 | D:1      | 1296 ||| DROPPING +6 ring of intelligence.
  1297 | D:1      | 1297 ||| READING scroll labelled SEITHRO ZYECW.
  1298 | D:1      | 1298 ||| READING scroll labelled WADITO ADWA.
  1299 | D:1      | 1299 ||| READING scroll labelled MAOKUZ PARU.
  1300 | D:1      | 1300 ||| READING scroll labelled LEOTOE ZUKUA.
  1301 | D:1      | 1301 ||| READING scroll labelled FIORINLUDDI.
  1302 | D:1      | 1302 ||| READING scroll labelled QEOMNA QO MALU.
  1303 | D:1      | 1303 ||| READING scroll labelled OSUQEM MIDA.
  1304 | D:1      | 1304 ||| DRINKING 2 bubbling pink potions.
  1448 | D:2      | Reached skill level 3 in Axes
  1448 | D:2      | 1448 ||| FLEEEEING.
  1449 | D:2      | 1449 ||| FLEEEEING.
  1450 | D:2      | 1450 ||| FLEEEEING.
  1451 | D:2      | 1451 ||| FLEEEEING.
  1453 | D:2      | 1453 ||| FLEEEEING.
  1454 | D:2      | 1454 ||| FLEEEEING.
  1455 | D:2      | 1455 ||| FLEEEEING.
  1456 | D:2      | 1456 ||| FLEEEEING.
  1457 | D:2      | 1457 ||| FLEEEEING.
  1458 | D:2      | 1458 ||| FLEEEEING.
  1459 | D:2      | 1459 ||| FLEEEEING.
  1460 | D:2      | 1460 ||| FLEEEEING.
  1461 | D:2      | 1461 ||| FLEEEEING.
  1461 | D:2      | Found a faded altar of an unknown god.
  1462 | D:2      | 1462 ||| FLEEEEING.
  1465 | D:2      | 1465 ||| FLEEEEING.
  1466 | D:2      | 1466 ||| FLEEEEING.
  1468 | D:2      | 1468 ||| FLEEEEING.
  1470 | D:2      | 1470 ||| FLEEEEING.
  1471 | D:2      | 1471 ||| FLEEEEING.
  1472 | D:2      | 1472 ||| FLEEEEING.
  1473 | D:2      | 1473 ||| FLEEEEING.
  1474 | D:2      | 1474 ||| FLEEEEING.
  1475 | D:2      | 1475 ||| FLEEEEING.
  1476 | D:2      | 1476 ||| FLEEEEING.
  1477 | D:2      | 1477 ||| FLEEEEING.
  1480 | D:2      | 1480 ||| FLEEEEING.
  1481 | D:2      | 1481 ||| FLEEEEING.
  1482 | D:2      | 1482 ||| FLEEEEING.
  1483 | D:2      | 1483 ||| FLEEEEING.
  1484 | D:2      | 1484 ||| FLEEEEING.
  1485 | D:2      | 1485 ||| FLEEEEING.
  1486 | D:2      | 1486 ||| FLEEEEING.
  1489 | D:2      | 1489 ||| STAIRDANCE
  1682 | D:2      | Reached XP level 3. HP: 23/23 MP: 3/3
  1731 | D:2      | 1731 ||| READING scroll of enchant armour.
  1731 | D:2      | 1731 ||| ENCHANTING +1 helmet.
  1976 | D:2      | 1976 ||| READING scroll labelled NIXENE ACRYSTRI.
  2003 | D:3      | Found Zin's Purification Station.
  2006 | D:3      | Found a glowing silver altar of Zin.
  2011 | D:3      | 2011 ||| BUYING potion of curing (90 gold).
  2011 | D:3      | Bought a potion of curing for 90 gold pieces
  2112 | D:3      | 2112 ||| DROPPING +0 club.
  2199 | D:3      | Identified the +1 leather armour of the Wumpus {Int+3}
  2200 | D:3      | 2200 ||| Stepping ~*~*~tactically~*~*~ (stealth).
  2200 | D:3      | Found a shadowy altar of Dithmenos.
  2346 | D:3      | 2346 ||| Stepping ~*~*~tactically~*~*~ (stealth).
  2433 | D:3      | 2433 ||| DRINKING 2 inky potions.
  2434 | D:3      | 2434 ||| DRINKING 2 viscous white potions.
  2435 | D:3      | 2435 ||| DROPPING potion of degeneration.
  2495 | D:4      | 2495 ||| DROPPING +0 whip.
  2570 | D:4      | Noticed Natasha
  2583 | D:4      | Killed Natasha
  2584 | D:4      | Reached XP level 4. HP: 9/28 MP: 4/4
  2834 | D:4      | Reached skill level 4 in Axes
  2939 | D:4      | Noticed a scorpion
  2940 | D:4      | 2940 ||| Stepping ~*~*~tactically~*~*~ (stealth).
  2942 | D:4      | 2942 ||| Stepping ~*~*~tactically~*~*~ (stealth).
  2943 | D:4      | 2943 ||| Stepping ~*~*~tactically~*~*~ (stealth).
  2948 | D:4      | Killed a scorpion
  2949 | D:4      | Reached XP level 5. HP: 30/32 MP: 5/5
  3001 | D:4      | 3001 ||| Stepping ~*~*~tactically~*~*~ (hiding).
  3012 | D:4      | 3012 ||| Stepping ~*~*~tactically~*~*~ (stealth).
  3030 | D:4      | Reached skill level 5 in Axes
  3326 | D:4      | 3326 ||| Stepping ~*~*~tactically~*~*~ (hiding).
  3593 | D:4      | Noticed Natasha
  3594 | D:4      | 3594 ||| Stepping ~*~*~tactically~*~*~ (hiding).
  3602 | D:4      | Reached skill level 1 in Dodging
  3602 | D:4      | Reached XP level 6. HP: 23/38 MP: 6/6
  3608 | D:4      | Killed Natasha
  3761 | D:4      | 3761 ||| UPGRADING to +1 pair of gloves.
  3766 | D:4      | 3766 ||| UPGRADING to ring of protection from cold.
  3767 | D:4      | 3767 ||| READING scroll labelled PIUNNE TOKUM.
  3768 | D:4      | 3768 ||| DRINKING 2 yellow potions.
  3769 | D:4      | 3769 ||| DRINKING 2 sedimented golden potions.
  3770 | D:4      | 3770 ||| DRINKING 2 purple potions.
  3825 | D:4      | 3825 ||| READING 2 scrolls of identify.
  3825 | D:4      | 3825 ||| IDENTIFYING black potion
  3826 | D:4      | 3826 ||| DROPPING potion of brilliance.
  3827 | D:4      | 3827 ||| DROPPING potion of ambrosia.
  3837 | D:4      | 3837 ||| STAIRDANCE
  3841 | D:4      | 3841 ||| STAIRDANCE
  3845 | D:4      | 3845 ||| STAIRDANCE
  3849 | D:4      | 3849 ||| STAIRDANCE
  3853 | D:4      | 3853 ||| STAIRDANCE
  3857 | D:4      | 3857 ||| STAIRDANCE
  3861 | D:4      | 3861 ||| STAIRDANCE
  3865 | D:4      | 3865 ||| STAIRDANCE
  3869 | D:4      | 3869 ||| STAIRDANCE
  3873 | D:4      | 3873 ||| STAIRDANCE
  3877 | D:4      | 3877 ||| STAIRDANCE
  3881 | D:4      | 3881 ||| STAIRDANCE
  3885 | D:4      | 3885 ||| STAIRDANCE
  3889 | D:4      | 3889 ||| STAIRDANCE
  3893 | D:4      | 3893 ||| STAIRDANCE
  3897 | D:4      | 3897 ||| STAIRDANCE
  3901 | D:4      | 3901 ||| STAIRDANCE
  3905 | D:4      | 3905 ||| STAIRDANCE
  3909 | D:4      | 3909 ||| STAIRDANCE
  3913 | D:4      | 3913 ||| STAIRDANCE
  4007 | D:5      | Entered Level 5 of the Dungeon
  4023 | D:5      | Noticed a black bear
  4032 | D:5      | Reached skill level 6 in Axes
  4032 | D:5      | Reached XP level 7. HP: 29/43 MP: 7/7
  4034 | D:5      | HP: 8/43 [black bear (4)]
  4132 | D:5      | 4132 ||| FLEEEEING.
  4133 | D:5      | 4133 ||| FLEEEEING.
  4134 | D:5      | 4134 ||| FLEEEEING.
  4140 | D:5      | 4140 ||| STAIRDANCE
  4398 | D:5      | Reached skill level 7 in Axes
  4457 | D:5      | Found a shimmering altar of Xom.
  4506 | D:5      | 4506 ||| DROPPING +2 whip of freezing.
  4518 | D:5      | Noticed Eustachio
  4522 | D:5      | 4522 ||| Stepping ~*~*~tactically~*~*~ (stealth).
  4533 | D:5      | 4533 ||| Stepping ~*~*~tactically~*~*~ (stealth).
  4549 | D:5      | Killed Eustachio
  4550 | D:5      | Reached XP level 8. HP: 36/49 MP: 8/8
  4642 | D:5      | 4642 ||| READING scroll of enchant armour.
  4642 | D:5      | 4642 ||| ENCHANTING +1 pair of gloves.
  4659 | D:5      | 4659 ||| DRINKING 3 potions of curing.
  4659 | D:5      | 4659 ||| (to cure confusion)
  4663 | D:5      | 4663 ||| DRINKING 2 potions of curing.
  4663 | D:5      | 4663 ||| (to cure confusion)
  4665 | D:5      | Reached skill level 8 in Axes
  4755 | D:5      | Reached skill level 6 in Fighting
  4917 | D:5      | 4917 ||| Stepping ~*~*~tactically~*~*~ (hiding).
  5012 | D:5      | 5012 ||| UPGRADING to +0 chain mail.
  5022 | D:5      | 5022 ||| DROPPING +0 scale mail.
  5023 | D:5      | 5023 ||| READING scroll labelled YLOB NASHOIRCH.
  5239 | D:6      | Noticed Blork the orc
  5240 | D:6      | 5240 ||| Stepping ~*~*~tactically~*~*~ (hiding).
  5249 | D:6      | Killed Blork the orc
  5322 | D:6      | 5322 ||| READING scroll of enchant weapon.
  5322 | D:6      | 5322 ||| ENCHANTING +1 war axe of electrocution.
  5584 | D:6      | You fall into a shaft and drop 2 floors!
  5599 | D:8      | Reached skill level 1 in Throwing
  5599 | D:8      | Reached XP level 9. HP: 38/55 MP: 9/9
  5661 | D:8      | 5661 ||| Stepping ~*~*~tactically~*~*~ (stealth).
  5687 | D:8      | Reached skill level 9 in Axes
  5751 | D:8      | 5751 ||| READING 3 scrolls of identify.
  5751 | D:8      | 5751 ||| IDENTIFYING bubbling green potion
  5752 | D:8      | 5752 ||| READING 2 scrolls of identify.
  5752 | D:8      | 5752 ||| IDENTIFYING viscous yellow potion
  5753 | D:8      | 5753 ||| DROPPING potion of flight.
  5784 | D:7      | 5784 ||| Stepping ~*~*~tactically~*~*~ (hiding).
  6061 | D:7      | 6061 ||| Stepping ~*~*~tactically~*~*~ (stealth).
  6206 | D:6      | 6206 ||| Stepping ~*~*~tactically~*~*~ (hiding).
  6503 | D:7      | 6503 ||| Stepping ~*~*~tactically~*~*~ (stealth).
  6511 | D:7      | 6511 ||| Stepping ~*~*~tactically~*~*~ (stealth).
  6528 | D:7      | 6528 ||| READING scroll of enchant weapon.
  6528 | D:7      | 6528 ||| ENCHANTING +2 war axe of electrocution.
  6566 | D:7      | 6566 ||| Stepping ~*~*~tactically~*~*~ (hiding).
  6750 | D:7      | Found a staircase to the Ecumenical Temple.
  6751 | D:7      | 6751 ||| PLANNING TEMPLE
  6751 | D:7      | 6751 ||| READING scroll labelled TUSMOG QEOT.
  6759 | Temple   | Entered the Ecumenical Temple
  6765 | Temple   | 6765 ||| PLANNING OKAWARU WORSHIP
  6928 | Temple   | Became a worshipper of Warmaster Okawaru
  6929 | Temple   | 6929 ||| PLANNING D:1-11
  7273 | D:8      | Found a stormy altar of Qazlal.
  7273 | D:8      | Found a snail-covered altar of Cheibriados.
  7640 | D:8      | Reached * piety under Okawaru
  7641 | D:8      | Reached skill level 10 in Axes
  7743 | D:8      | 7743 ||| DROPPING +0 flail.
  7882 | D:8      | 7882 ||| Stepping ~*~*~tactically~*~*~ (hiding).
  8038 | D:8      | 8038 ||| READING scroll labelled AJE POMPOGELAT.
  8039 | D:8      | 8039 ||| DRINKING 2 viscous grey potions.
  8144 | D:8      | 8144 ||| DROPPING potion of berserk rage.
  8196 | D:9      | Found Woheuwn's Weapon Shoppe.
  8201 | D:9      | 8201 ||| INVOKING Heroism.
  8206 | D:9      | Reached skill level 1 in Invocations
  8210 | D:9      | Reached skill level 3 in Invocations
  8210 | D:9      | Reached XP level 10. HP: 60/64 MP: 7/12
  8214 | D:9      | Reached ** piety under Okawaru
  8249 | D:9      | Found Ufemn's Assorted Antiques.
  8257 | D:9      | 8257 ||| BUYING 2 smoky amethyst potions (63 gold).
  8257 | D:9      | Bought 2 smoky amethyst potions for 63 gold pieces
  8257 | D:9      | 8257 ||| BUYING potion of might (140 gold).
  8257 | D:9      | Bought a potion of might for 140 gold pieces
  8257 | D:9      | 8257 ||| BUYING scroll labelled QAPEZY SATECW (35 gold).
  8257 | D:9      | Bought a scroll labelled QAPEZY SATECW for 35 gold pieces
  8257 | D:9      | 8257 ||| BUYING scroll of identify (70 gold).
  8257 | D:9      | Bought a scroll of identify for 70 gold pieces
  8294 | D:9      | Found a sparkling altar of Nemelex Xobeh.
  8319 | D:9      | Found Otirynaf's General Store.
  8328 | D:9      | 8328 ||| SHOPLISTING 2 scrolls of enchant weapon (255 gold,
                  | have 134).
  8328 | D:9      | 8328 ||| SHOPLISTING potion of resistance (170 gold, have
                  | 134).
  8415 | D:9      | 8415 ||| Stepping ~*~*~tactically~*~*~ (stealth).
  8416 | D:9      | 8416 ||| Stepping ~*~*~tactically~*~*~ (stealth).
  8418 | D:9      | 8418 ||| Stepping ~*~*~tactically~*~*~ (hiding).
  8419 | D:9      | 8419 ||| INVOKING Heroism.
  8432 | D:9      | 8432 ||| Stepping ~*~*~tactically~*~*~ (hiding).
  8443 | D:9      | 8443 ||| INVOKING Heroism.
  8478 | D:9      | 8478 ||| Stepping ~*~*~tactically~*~*~ (stealth).
  8488 | D:9      | 8488 ||| INVOKING Heroism.
  8582 | D:9      | Found a staircase to the Orcish Mines.
  8651 | D:9      | Found a staircase to the Lair.
  8653 | D:9      | Found Lyipnumn's Book Boutique.
  8737 | D:9      | 8737 ||| Stepping ~*~*~tactically~*~*~ (stealth).
  8739 | D:9      | 8739 ||| Stepping ~*~*~tactically~*~*~ (hiding).
  8821 | D:9      | 8821 ||| PLANNING LAIR
  8821 | D:9      | 8821 ||| UPGRADING to +0 plate armour.
  8831 | D:9      | 8831 ||| DROPPING +0 chain mail.
  8832 | D:9      | 8832 ||| READING 2 scrolls of enchant armour.
  8832 | D:9      | 8832 ||| ENCHANTING +0 plate armour.
  8833 | D:9      | 8833 ||| READING scroll of enchant armour.
  8833 | D:9      | 8833 ||| ENCHANTING +1 plate armour.
  8834 | D:9      | 8834 ||| DROPPING ring of magical power.
  8835 | D:9      | 8835 ||| READING scroll labelled QAPEZY SATECW.
  8836 | D:9      | 8836 ||| READING scroll labelled REAKLIMU BITSE.
  8840 | D:9      | 8840 ||| DRINKING 3 smoky amethyst potions.
  8880 | Lair:1   | Entered Level 1 of the Lair of Beasts
  8881 | Lair:1   | 8881 ||| INVOKING Heroism.
  8881 | Lair:1   | Noticed Joseph
  8885 | Lair:1   | Reached skill level 6 in Armour
  8906 | Lair:1   | Killed Joseph
  8906 | Lair:1   | Reached *** piety under Okawaru
  9165 | Lair:1   | Reached skill level 11 in Axes
  9251 | Lair:1   | Noticed a cane toad
  9252 | Lair:1   | 9252 ||| INVOKING Heroism.
  9257 | Lair:1   | Killed a cane toad
  9279 | Lair:1   | Noticed a cane toad
  9280 | Lair:1   | 9280 ||| INVOKING Heroism.
  9286 | Lair:1   | Killed a cane toad
  9287 | Lair:1   | Reached skill level 9 in Fighting
  9287 | Lair:1   | Reached XP level 11. HP: 58/71 MP: 11/14
  9369 | Lair:1   | 9369 ||| INVOKING Heroism.
  9415 | Lair:1   | 9415 ||| INVOKING Heroism.
  9462 | Lair:1   | 9462 ||| Stepping ~*~*~tactically~*~*~ (stealth).
  9475 | Lair:1   | 9475 ||| Stepping ~*~*~tactically~*~*~ (stealth).
  9476 | Lair:1   | 9476 ||| Stepping ~*~*~tactically~*~*~ (stealth).
  9481 | Lair:1   | 9481 ||| INVOKING Heroism.
  9488 | Lair:1   | Reached **** piety under Okawaru
  9851 | Lair:1   | 9851 ||| Stepping ~*~*~tactically~*~*~ (stealth).
  9852 | Lair:1   | 9852 ||| INVOKING Heroism.
 10007 | Lair:1   | 10007 ||| READING 3 scrolls labelled ZOESTR LOISAZU.
 10008 | Lair:1   | 10008 ||| DROPPING 2 scrolls of amnesia.
 10071 | Lair:2   | 10071 ||| INVOKING Heroism.
 10073 | Lair:2   | 10073 ||| STAIRDANCE
 10103 | Lair:2   | 10103 ||| STAIRDANCE
 10254 | Lair:2   | Reached skill level 6 in Invocations
 10259 | Lair:2   | Reached ***** piety under Okawaru
 10259 | Lair:2   | Identified the +1 pearl dragon scales "Gueryena" {rN+
                  | Will+} (Okawaru gifted it to you on level 2 of the Lair of
                  | Beasts)
 10259 | Lair:2   | Received a gift from Okawaru
 10260 | Lair:2   | Reached skill level 12 in Axes
 10395 | Lair:2   | 10395 ||| INVOKING Heroism.
 10456 | Lair:2   | 10456 ||| INVOKING Heroism.
 10470 | Lair:2   | Reached skill level 6 in Shields
 10477 | Lair:2   | Reached XP level 12. HP: 52/76 MP: 17/17
 10491 | Lair:2   | Reached skill level 9 in Armour
 10856 | Lair:2   | Found a hole to the Spider Nest.
 10891 | Lair:2   | Found a staircase to the Shoals.
 11140 | Lair:2   | 11140 ||| UPGRADING to +1 pearl dragon scales "Gueryena"
                  | {rN+ Will+}.
 11150 | Lair:2   | 11150 ||| DROPPING +2 plate armour.
 11188 | Lair:3   | 11188 ||| INVOKING Heroism.
 11215 | Lair:3   | 11215 ||| Stepping ~*~*~tactically~*~*~ (stealth).
 11613 | Lair:3   | 11613 ||| INVOKING Heroism.
 11751 | Lair:3   | 11751 ||| INVOKING Heroism.
 11757 | Lair:3   | Reached skill level 9 in Invocations
 12029 | Lair:3   | 12029 ||| UPGRADING to +0 pair of boots.
 12034 | Lair:3   | 12034 ||| UPGRADING to ring of willpower.
 12057 | Lair:4   | 12057 ||| INVOKING Heroism.
 12059 | Lair:4   | 12059 ||| STAIRDANCE
 12094 | Lair:4   | 12094 ||| STAIRDANCE
 12178 | Lair:4   | 12178 ||| Stepping ~*~*~tactically~*~*~ (stealth).
 12179 | Lair:4   | 12179 ||| INVOKING Heroism.
 12210 | Lair:4   | 12210 ||| READING scroll of brand weapon.
 12210 | Lair:4   | 12210 ||| BRANDING +3 war axe of electrocution.
 12297 | Lair:4   | Noticed a death yak
 12297 | Lair:4   | Noticed a death yak
 12297 | Lair:4   | Noticed a death yak
 12297 | Lair:4   | Noticed a death yak
 12298 | Lair:4   | 12298 ||| INVOKING Heroism.
 12298 | Lair:4   | Noticed a death yak
 12299 | Lair:4   | 12299 ||| Stepping ~*~*~tactically~*~*~ (stealth).
 12300 | Lair:4   | 12300 ||| INVOKING Finesse.
 12307 | Lair:4   | Killed a death yak
 12313 | Lair:4   | Killed a death yak
 12324 | Lair:4   | Killed a death yak
 12329 | Lair:4   | Killed a death yak
 12330 | Lair:4   | Killed a death yak
 12487 | Lair:4   | 12487 ||| INVOKING Heroism.
 12559 | Lair:4   | Found a viscous altar of Jiyva.
 12559 | Lair:4   | Found a staircase to the Slime Pits.
 12715 | Lair:4   | 12715 ||| INVOKING Heroism.
 12728 | Lair:4   | Reached skill level 13 in Axes
 12872 | Lair:4   | 12872 ||| Stepping ~*~*~tactically~*~*~ (stealth).
 12874 | Lair:4   | 12874 ||| INVOKING Heroism.
 12876 | Lair:4   | 12876 ||| Stepping ~*~*~tactically~*~*~ (stealth).
 12951 | Lair:4   | 12951 ||| Stepping ~*~*~tactically~*~*~ (stealth).
 13044 | Lair:4   | 13044 ||| Stepping ~*~*~tactically~*~*~ (stealth).
 13047 | Lair:4   | 13047 ||| INVOKING Heroism.
 13064 | Lair:4   | Reached XP level 13. HP: 72/82 MP: 20/20
 13525 | Lair:4   | 13525 ||| UPGRADING to +6 ring of strength.
 13527 | Lair:4   | 13527 ||| UPGRADING to ring of protection from cold.
 13529 | Lair:4   | 13529 ||| READING 11 scrolls of identify.
 13529 | Lair:4   | 13529 ||| IDENTIFYING grey potion
 13552 | Lair:5   | Entered Level 5 of the Lair of Beasts
 13559 | Lair:5   | 13559 ||| INVOKING Heroism.
 13560 | Lair:5   | 13560 ||| Stepping ~*~*~tactically~*~*~ (stealth).
 13566 | Lair:5   | Identified the +1 broad axe of Proximity {vorpal, rF-
                  | Dex+7} (Okawaru gifted it to you on level 5 of the Lair of
                  | Beasts)
 13566 | Lair:5   | Received a gift from Okawaru
 13567 | Lair:5   | 13567 ||| Stepping ~*~*~tactically~*~*~ (stealth).
 13595 | Lair:5   | 13595 ||| Stepping ~*~*~tactically~*~*~ (stealth).
 13596 | Lair:5   | 13596 ||| Stepping ~*~*~tactically~*~*~ (stealth).
 13615 | Lair:5   | 13615 ||| SWAPPING to +1 broad axe of Proximity {vorpal,
                  | rF- Dex+7}.
 13651 | Lair:5   | 13651 ||| Stepping ~*~*~tactically~*~*~ (stealth).
 13653 | Lair:5   | 13653 ||| INVOKING Heroism.
 13698 | Lair:5   | 13698 ||| INVOKING Heroism.
 13704 | Lair:5   | 13704 ||| Stepping ~*~*~tactically~*~*~ (stealth).
 13710 | Lair:5   | 13710 ||| Stepping ~*~*~tactically~*~*~ (stealth).
 13718 | Lair:5   | 13718 ||| Stepping ~*~*~tactically~*~*~ (stealth).
 13723 | Lair:5   | Reached skill level 3 in Dodging
 13766 | Lair:5   | 13766 ||| Stepping ~*~*~tactically~*~*~ (stealth).
 13767 | Lair:5   | 13767 ||| Stepping ~*~*~tactically~*~*~ (stealth).
 13782 | Lair:5   | Noticed Sonja
 13783 | Lair:5   | 13783 ||| INVOKING Finesse.
 13785 | Lair:5   | 13785 ||| Stepping ~*~*~tactically~*~*~ (stealth).
 13793 | Lair:5   | Killed Sonja
 13804 | Lair:5   | 13804 ||| Stepping ~*~*~tactically~*~*~ (stealth).
 13819 | Lair:5   | Reached skill level 14 in Axes
 13912 | Lair:5   | 13912 ||| Stepping ~*~*~tactically~*~*~ (stealth).
 13923 | Lair:5   | 13923 ||| INVOKING Heroism.
 13940 | Lair:5   | 13940 ||| INVOKING Heroism.
 14118 | Lair:5   | Received a gift from Okawaru
 14123 | Lair:5   | 14123 ||| Stepping ~*~*~tactically~*~*~ (stealth).
 14124 | Lair:5   | 14124 ||| Stepping ~*~*~tactically~*~*~ (stealth).
 14209 | Lair:5   | 14209 ||| Stepping ~*~*~tactically~*~*~ (hiding).
 14254 | Lair:5   | 14254 ||| Stepping ~*~*~tactically~*~*~ (stealth).
 14316 | Lair:5   | 14316 ||| INVOKING Heroism.
 14371 | Lair:5   | 14371 ||| Stepping ~*~*~tactically~*~*~ (cloud).
 14372 | Lair:5   | 14372 ||| INVOKING Heroism.
 14456 | Lair:5   | Noticed a fire dragon
 14457 | Lair:5   | 14457 ||| INVOKING Heroism.
 14458 | Lair:5   | 14458 ||| INVOKING Finesse.
 14477 | Lair:5   | Killed a fire dragon
 14612 | Lair:5   | 14612 ||| Stepping ~*~*~tactically~*~*~ (hiding).
 14616 | Lair:5   | 14616 ||| INVOKING Heroism.
 14617 | Lair:5   | 14617 ||| INVOKING Finesse.
 14699 | Lair:5   | Noticed Kirke
 14700 | Lair:5   | 14700 ||| Stepping ~*~*~tactically~*~*~ (stealth).
 14701 | Lair:5   | 14701 ||| DRINKING potion of cancellation.
 14703 | Lair:5   | 14703 ||| INVOKING Heroism.
 14711 | Lair:5   | 14711 ||| INVOKING Finesse.
 14729 | Lair:5   | Noticed a sphinx
 14733 | Lair:5   | HP: 9/84 [Kirke (14)]
 14734 | Lair:5   | 14734 ||| READING 3 scrolls of teleportation.
 14734 | Lair:5   | Mangled by a sphinx

Levels and vault maps discovered:
D:1:      dpeg_arrival_snail, layout_basic
D:2:      layout_loops_ring, shapermc_ecumenical_altar_acropolis
D:3:      layout_rooms, zin_purify, nicolae_overflow_hidden_temple
D:4:      layout_loops_ring, minmay_diced_spiral, uniq_natasha
D:5:      layout_cave_pools, xom_butterflies, uniq_eustachio
D:6:      layout_loops_ring, minmay_misc_feat_encased, serial_park_tiny_pond,
          uniq_blork_the_orc
D:7:      layout_loops_ring, minmay_temple_entry_hall,
          dreamdust_princess_bridge, feat_on_display
D:8:      layout_basic, chequers_temple_overflow_statue_of_worship,
          moated_statue
D:9:      layout_long_grid, lemuel_round_altar, lair_entry_dummy, david_orc_4,
          serial_shops, nicolae_shop_bloodbath_and_beyond, shop_statue, shop,
          shop
Temple:   eino_temple_rhombus
Lair:1:   layout_cave_shapes, lemuel_fruit_tree, uniq_joseph
Lair:2:   layout_hall_layers, elwin_shoals_entry_rocks, dummy_spider_entry,
          grunt_megastairs_3, serial_bayou_shore_b
Lair:3:   layout_regular_city
Lair:4:   layout_small_grid, slime_entry_1, minivault_24, serial_bayou_shore_b,
          grunt_megastairs_5, lemuel_fruit_fields, infiniplex_staircase_pool_2
Lair:5:   hangedman_lair_tendril_chambers, layout_regular_city,
          guppyfry_lair_end_dragon, bobbens_ice_dragon_lair, uniq_kirke,
          uniq_sonja

Skill      XL: |  1  2  3  4  5  6  7  8  9 10 11 12 13 |
---------------+----------------------------------------+-----
Axes           | 2 3 4 5 6 7 8 10 11 12 13 14 | 14.2
Fighting       | 4 5 6 8 9 10 11 | 11.0
Dodging        | 1 2 5 |  5.0
Armour         | 4 5 7 8 9 10 | 10.1
Throwing       | 1 2 |  2.1
Shields        | 4 5 6 7 |  7.0
Invocations    | 3 4 7 10 | 10.0

Action                   |  1- 3 |  4- 6 |  7- 9 | 10-12 | 13-15 || total
-------------------------+-------+-------+-------+-------+-------++-------
Melee: War axe           |   103 |    90 |   185 |   376 |    17 ||   771
       Broad axe         |       |       |       |       |   227 ||   227
       Unarmed           |       |       |       |       |    18 ||    18
Throw: Javelin           |     9 |       |       |       |       ||     9
       Boomerang         |       |       |    31 |    61 |    19 ||   111
Invok: Heroism           |       |       |     1 |    23 |    10 ||    34
       Finesse           |       |       |       |     1 |     4 ||     5
  Use: Scroll            |     9 |     2 |     8 |     6 |     2 ||    27
       Potion            |     3 |     3 |     3 |     1 |     1 ||    11
 Stab: Confused          |       |       |       |       |     1 ||     1
Armor: Scale mail        |    43 |    58 |    53 |       |       ||   154
       Chain mail        |       |       |    82 |    16 |       ||    98
       Plate armour      |       |       |       |   152 |       ||   152
       Pearl dragon scal |       |       |       |    79 |   113 ||   192
Dodge: Dodged            |    48 |    46 |    56 |   123 |   117 ||   390
Block: Buckler           |    18 |    22 |    36 |    82 |    71 ||   229

Table legend:
 A = Non-vault XP
 B = Vault XP
 C = Vault XP percentage of total XP
 D = Non-vault monster count
 E = Vault monster count
 F = Vault count percentage of total count
                 A         B        C        D         E       F
            +---------+---------+-------+---------+---------+-------
      Total |   36533 |   15316 |  29.5 |     249 |      77 |  23.6
            +---------+---------+-------+---------+---------+-------
        D:1 |      22 |       0 |   0.0 |      13 |       0 |   0.0
        D:2 |      16 |       0 |   0.0 |      11 |       0 |   0.0
        D:3 |       8 |       0 |   0.0 |       5 |       0 |   0.0
        D:4 |     295 |      37 |  11.1 |      24 |       2 |   7.7
        D:5 |    1291 |     203 |  13.6 |      24 |       1 |   4.0
        D:6 |     275 |      99 |  26.5 |       6 |       1 |  14.3
        D:7 |     988 |       0 |   0.0 |      21 |       0 |   0.0
        D:8 |    1030 |       0 |   0.0 |      11 |       0 |   0.0
        D:9 |    1130 |     739 |  39.5 |      17 |      16 |  48.5
     Lair:1 |    5997 |    1242 |  17.2 |      23 |       5 |  17.9
     Lair:2 |    6391 |     610 |   8.7 |      38 |       3 |   7.3
     Lair:3 |    1866 |     214 |  10.3 |       7 |       1 |  12.5
     Lair:4 |    8534 |    1926 |  18.4 |      19 |      10 |  34.5
     Lair:5 |    8690 |   10246 |  54.1 |      30 |      38 |  55.9
            +---------+---------+-------+---------+---------+-------
